 Dungeon Crawl Stone Soup version 0.23.2-40-g277498a001 (webtiles) character file.

Game seed: 9127519194866619436

236 Emblim88 the Skirmisher (level 5, -8/48 HPs)
             Began as a Minotaur Fighter on Sept 28, 2019.
             Was an Initiate of Gozag.
             Mangled by an ogre
             ... wielding a +0 giant club
              (18 damage)
             ... on level 4 of the Dungeon.
             The game lasted 00:04:55 (2169 turns).

Emblim88 the Skirmisher (Minotaur Fighter)          Turns: 2169, Time: 00:04:56

Health: -8/48      AC:  9    Str: 26    XL:     5   Next: 77%
Magic:  4/4        EV:  8    Int:  5    God:    Gozag
Gold:   308        SH: 10    Dex: 10    Spells: 4/4 levels left

rFire    . . .     SeeInvis .   a - +0 long sword
rCold    . . .     Gourm    .   c - +0 shield
rNeg     . . .     Faith    .   b - +0 scale mail
rPois    .         Spirit   .   (helmet restricted)
rElec    .         Reflect  .   w - +0 cloak
rCorr    +         Harm     .   u - +0 pair of gloves
MR       .....                  (no boots)
Stlth    ..........             (no amulet)
HPRegen  0.16/turn              m - ring of resist corrosion
MPRegen  0.09/turn              (no ring)

@: mighty
A: retaliatory headbutt, horns 2
a: Potion Petition, Call Merchant, Bribe Branch, Renounce Religion


You were on level 4 of the Dungeon.
You worshipped Gozag.
Gozag was aware of your devotion.
You were hungry.

You visited 1 branch of the dungeon, and saw 4 of its levels.

You collected 324 gold pieces.
You paid 16 gold pieces to Gozag.

Inventory:

Hand Weapons
 a - a +0 long sword (weapon)
 t - a +2 rapier of draining
Missiles
 i - 27 poisoned needles
Armour
 b - a +0 scale mail (worn)
 c - a +0 shield (worn)
 u - a +0 pair of gloves (worn)
 w - a +0 cloak (worn)
Jewellery
 m - a ring of resist corrosion (left hand)
Scrolls
 e - a scroll of fear {unknown}
 h - 2 scrolls of teleportation {unknown}
 l - a scroll of immolation {unknown}
 n - a scroll of remove curse {unknown}
 o - a scroll of fog {unknown}
 p - a scroll of enchant armour {unknown}
 q - 4 scrolls of identify {unknown}
 v - a scroll of magic mapping {unknown}
Potions
 g - 2 potions of brilliance {unknown}
 j - a potion of curing {unknown}
 k - a potion of flight {unknown}
 r - a potion of haste {unknown}
 s - a potion of mutation {unknown}
Comestibles
 f - 6 rations


   Skills:
 * Level 5.2 Fighting
 * Level 4.5 Long Blades
 + Level 4.3 Armour
 + Level 2.0 Dodging
 + Level 4.4 Shields


You had 4 spell levels left.
You didn't know any spells.
Your spell library was empty.

Dungeon Overview and Level Annotations

Branches:
Dungeon (4/15)             Temple (0/1) D:4

Altars:
Elyvilon
Fedhas
Gozag
Kikubaaqudgha
Vehumet


Innate Abilities, Weirdness & Mutations

You reflexively headbutt those who attack you in melee.
You have a pair of horns on your head.


Message History

* * * LOW HITPOINT WARNING * * *
You are too injured to fight recklessly!
You are too injured to fight recklessly!
You are too injured to fight recklessly!
You are too injured to fight recklessly!
You are too injured to fight recklessly!
You are too injured to fight recklessly!
You are too injured to fight recklessly!
You are too injured to fight recklessly!
You are too injured to fight recklessly!
You are too injured to fight recklessly!
You are too injured to fight recklessly!
You are too injured to fight recklessly!
You are too injured to fight recklessly!
You are too injured to fight recklessly!
You are too injured to fight recklessly!
You feel very mighty all of a sudden.
The ogre hits you with a +0 giant club!!
You die...
Your body crumbles into a pile of gold.

# #...♣♣ ## #.... . .##
#...♣+ .. ..## #..P.
... #..## #..P♣♣###
.... ##..###...♣♣.P♣♣♣
.....
##..##...P..P.P♣♣......
##.##.........@O......
##.#.................
##.######.##.#......
##.## #......##...
#..## #####..# ##
##...## ##.## ##.....##
##..###
#.......###.(...####
##.....#..##..(.....# .


You could see an ogre.

Vanquished Creatures
  A scorpion (D:4)
  A vampire bat (D:2)
  5 gnolls
  4 adders
  A dart slug (D:1)
  4 leopard geckos
  11 bats
  2 bat skeletons (D:2)
  3 bat zombies (D:2)
  3 giant cockroaches (D:2)
  5 goblins
  9 hobgoblins
  3 kobolds
  A quokka (D:3)
  A ball python (D:2)
  2 frilled lizards
  8 rats
64 creatures vanquished.

Notes
Turn   | Place    | Note
-------+----------+-------------------------------------------
     0 | D:1      | Emblim88 the Minotaur Fighter began the quest for the Orb.
     0 | D:1      | Reached XP level 1. HP: 19/19 MP: 0/0
    73 | D:1      | Reached XP level 2. HP: 26/27 MP: 1/1
   140 | D:1      | Reached skill level 4 in Fighting
   162 | D:1      | Reached XP level 3. HP: 27/33 MP: 2/2
   559 | D:2      | Reached skill level 1 in Dodging
   604 | D:2      | Found a white marble altar of Elyvilon.
   702 | D:2      | Reached XP level 4. HP: 38/41 MP: 3/3
   742 | D:2      | Found a blossoming altar of Fedhas.
   782 | D:2      | Found an opulent altar of Gozag.
   836 | D:2      | Became a worshipper of Gozag Ym Sagoz the Greedy
  1176 | D:2      | Found an ancient bone altar of Kikubaaqudgha.
  1399 | D:3      | Reached XP level 5. HP: 47/47 MP: 4/4
  1520 | D:3      | Reached skill level 5 in Fighting
  1699 | D:3      | Found a faded altar of an unknown god.
  1754 | D:3      | Found a radiant altar of Vehumet.
  2094 | D:4      | Found a staircase to the Ecumenical Temple.
  2162 | D:4      | Noticed an ogre
  2169 | D:4      | Mangled by an ogre

Skill      XL: |  1  2  3  4  5 |
---------------+----------------+-----
Fighting       | 4 5 |  5.2
Long Blades    | 3 4 |  4.5
Dodging        | 1 2 |  2.0
Armour         | 4 |  4.3
Shields        | 4 |  4.4

Action                   |  1- 3 |  4- 6 || total
-------------------------+-------+-------++-------
Melee: Long sword        |    79 |    60 ||   139
       Headbutt          |    15 |     9 ||    24
  Use: Potion            |       |     1 ||     1
  Eat: Ration            |       |     1 ||     1
Armor: Scale mail        |    40 |    28 ||    68
Dodge: Dodged            |    18 |    24 ||    42
Block: Shield            |    37 |    32 ||    69
       Rpst.: Long sword |     5 |     5 ||    10
